Map: Abyssal Reef LE

Players

Nerchio - Winner!

  • Race: Zerg Zerg
  • Spawn Location: 11:00

herO

  • Race: Protoss Protoss
  • Spawn Location: 5:00

VOD

Have the link to the VOD?

Description

Time

  • Played on: Dec. 4, 2017, 8:55 a.m.
  • Length: 16:42
Show
View Real Time Build Order
Export as new Build Order

Nerchio Zerg - Winner!

Build Orders: Hatch First, Lurkers 

Get SALT Encoding   

  12  0:00  Drone  
  13  0:12  Overlord  
  13  0:17  Drone  
  14  0:31  Drone x2  
  14  0:34  Drone  
  17  0:49  Drone  
  18  0:58  Drone, Hatchery  
  18  1:02  Extractor  
  17  1:14  Spawning Pool  
  17  1:17  Drone  
  17  1:21  Drone  
  18  1:28  Drone  
  19  1:38  Overlord  
  19  1:49  Drone  
  20  2:01  Queen  
  20  2:02  Metabolic Boost  
  22  2:09  Queen  
  22  2:12  Zergling x4  
  26  2:16  Drone  
  26  2:20  Drone  
  28  2:24  Drone  
  29  2:31  Drone  
  29  2:34  Drone  
  31  2:45  Drone x2, Queen  
  35  2:53  Zergling x2  
  35  2:54  Overlord  
  35  3:06  Zergling x2  
  35  3:11  Spore Crawler  
  34  3:16  Drone x3  
  34  3:17  Drone x2  
  34  3:18  Drone x3  
  41  3:30  Drone  
  41  3:32  Hatchery  
  41  3:34  Overlord  
  41  3:36  Drone  
  41  3:38  Drone  
  43  3:45  Drone, Baneling Nest  
  43  3:49  Overlord  
  43  3:53  Drone x2  
  43  3:54  Drone  
  46  3:56  Drone  
  46  3:57  Drone  
  46  4:02  Queen  
  48  4:05  Evolution Chamber  
  48  4:07  Zergling x2  
  48  4:09  Zergling x2  
  51  4:11  Zergling x2  
  51  4:12  Zergling x2  
  53  4:21  Overlord  
  53  4:24  Zergling x2, Roach Warren  
  51  4:25  Zergling x2  
  51  4:27  Zergling x2  
  51  4:28  Zergling x2  
  51  4:29  Baneling  
  51  4:30  Baneling x2  
  51  4:31  Baneling x2  
  55  4:35  Overlord  
  55  4:38  Baneling  
  55  4:48  Drone x6  
  55  4:51  Extractor  
  55  4:52  Overlord  
  60  4:53  Drone x2  
  60  4:57  Drone x2  
  64  5:07  Roach x2  
  64  5:08  Roach  
  64  5:10  Roach x2  
  64  5:12  Roach  
  75  5:20  Roach  
  75  5:21  Zergling x4  
  76  5:22  Overlord  
  76  5:23  Roach  
  76  5:27  Zergling x2  
  76  5:28  Zergling x2  
  80  5:30  Roach  
  78  5:35  Roach  
  78  5:39  Roach  
  78  5:40  Drone x2  
  78  5:41  Drone x3  
  77  5:49  Drone  
  78  5:55  Drone x2  
  73  5:57  Drone x3  
  73  6:01  Drone  
  73  6:03  Drone, Spore Crawler  
  71  6:07  Drone, Spore Crawler  
  69  6:12  Drone  
  69  6:17  Drone x2  
  70  6:28  Drone  
  70  6:29  Drone  
  70  6:30  Drone  
  73  6:33  Drone  
  73  6:34  Drone x2, Hatchery  
  73  6:36  Drone  
  73  6:38  Drone  
  73  6:39  Drone  
  78  6:45  Drone  
  79  6:47  Drone  
  79  6:48  Drone  
  81  6:55  Drone, Zerg Missile Weapons Level 1  
  81  6:56  Lair  
  81  6:57  Drone  
  81  6:58  Drone  
  81  7:00  Zergling x2  
  85  7:02  Drone x3  
  85  7:03  Drone  
  85  7:04  Drone  
  85  7:06  Extractor  
  89  7:08  Drone  
  89  7:10  Overlord, Extractor x2  
  89  7:12  Overlord  
  88  7:15  Overlord  
  88  7:26  Drone  
  88  7:27  Drone, Overlord  
  90  7:31  Roach x4  
  90  7:32  Roach x2  
  90  7:34  Zergling x4  
  103  7:37  Evolution Chamber  
  103  7:38  Roach  
  103  7:40  Roach  
  103  7:41  Ravager  
  103  7:42  Roach  
  111  7:44  Roach  
  111  7:47  Roach  
  111  7:48  Roach  
  111  7:50  Evolution Chamber  
  111  7:51  Zergling x2  
  115  7:52  Zergling x2  
  115  7:54  Ravager  
  115  7:57  Glial Reconstitution  
  117  8:01  Roach x2  
  117  8:03  Overlord  
  117  8:04  Zergling x4  
  123  8:06  Zergling x4  
  123  8:08  Zergling x2  
  125  8:16  Zergling x10  
  125  8:21  Zergling x8  
  125  8:25  Drone  
  125  8:26  Drone x3  
  131  8:27  Drone x2  
  131  8:28  Drone  
  131  8:29  Drone  
  131  8:30  Drone  
  136  8:36  Spire  
  136  8:41  Drone x2, Hydralisk Den  
  136  8:45  Overlord, Extractor  
  136  8:46  Extractor  
  134  8:48  Overlord  
  134  8:51  Overlord  
  134  8:52  Overlord  
  134  8:55  Overlord  
  133  9:04  Drone x3  
  133  9:06  Extractor  
  135  9:12  Lurker Den  
  135  9:16  Overseer  
  134  9:24  Drone  
  134  9:30  Drone x2  
  134  9:31  Drone x2  
  139  9:42  Overlord x2  
  139  9:43  Zerg Missile Weapons Level 2  
  139  9:49  Zerg Flyer Weapons Level 1, Mutalisk x10  
  159  9:54  Hydralisk  
  159  9:55  Hydralisk  
  163  10:00  Spine Crawler  
  163  10:01  Drone x2, Spine Crawler  
  163  10:02  Drone x2  
  163  10:03  Drone  
  166  10:07  Hydralisk x2  
  166  10:13  Hydralisk x2  
  166  10:14  Hydralisk  
  174  10:20  Hydralisk x2  
  179  10:22  Overlord  
  178  10:36  Hydralisk x6  
  178  10:40  Hydralisk x2  
  191  10:45  Lurker x3  
  191  10:47  Hydralisk  
  191  10:48  Hydralisk  
  196  10:53  Hydralisk  
  196  10:55  Spore Crawler  
  196  10:56  Hydralisk, Spore Crawler  
  195  10:58  Hydralisk  
  192  11:07  Muscular Augments  
  192  11:10  Hydralisk x2  
  176  11:16  Hydralisk  
  176  11:22  Hydralisk  
  174  11:25  Drone  
  174  11:26  Drone x5  
  166  11:36  Hydralisk x3  
  166  11:37  Hydralisk x2  
  156  11:46  Drone  
  158  11:47  Drone x2  
  158  11:49  Drone x2  
  158  11:50  Drone  
  158  11:53  Drone  
  162  11:55  Drone, Extractor  
  162  11:56  Drone  
  162  11:58  Drone  
  162  11:59  Drone  
  163  12:02  Lurker x2  
  163  12:07  Drone x3  
  163  12:08  Lurker  
  165  12:21  Hatchery  
  164  12:24  Mutalisk x2  
  164  12:29  Lurker  
  169  12:34  Mutalisk  
  171  12:44  Overlord  
  171  12:47  Mutalisk x2  
  171  12:49  Evolution Chamber  
  174  12:51  Mutalisk  
  174  12:56  Extractor  
  175  13:05  Lurker x2  
  177  13:12  Hydralisk  
  177  13:13  Hydralisk x2  
  183  13:22  Hatchery  
  182  13:27  Drone x2  
  182  13:28  Drone, Infestation Pit, Overlord  
  182  13:30  Overlord x2  
  182  13:33  Lurker x3  
  187  13:48  Spine Crawler  
  186  13:49  Spine Crawler  
  186  13:50  Spore Crawler  
  186  13:54  Pneumatized Carapace, Overseer  
  184  13:56  Hydralisk x6  
  196  14:13  Hydralisk x2  
  194  14:25  Lurker x2  
  194  14:26  Lurker x2  
  194  14:28  Lurker x2  
  194  14:29  Spore Crawler  
  194  14:30  Spore Crawler  
  188  14:35  Hydralisk x2  
  188  14:36  Hydralisk  
  184  14:56  Spore Crawler x2  
  184  14:57  Spore Crawler  
  178  15:00  Hydralisk x4  
  179  15:10  Hydralisk  
  134  15:15  Hydralisk  
  134  15:20  Hydralisk x2  
  135  15:27  Hydralisk  
  135  15:28  Hydralisk  
  131  15:54  Drone x2  
  89  16:25  Extractor  
  89  16:26  Extractor  
Show
View Real Time Build Order
Export as new Build Order

herO Protoss 

Build Orders: 1 Gate Expand, Mass Adepts 

Get SALT Encoding   

  12  0:00  Probe  
  13  0:13  Probe  
  14  0:19  Pylon  
  14  0:25  Probe  
  15  0:37  Probe (Chrono Boost)  
  16  0:44  Gateway  
  16  0:46  Assimilator  
  16  0:49  Probe (Chrono Boost)  
  18  0:57  Probe (Chrono Boost)  
  18  1:04  Probe  
  19  1:16  Probe  
  20  1:30  Nexus  
  20  1:38  Cybernetics Core  
  20  1:40  Probe  
  20  1:46  Assimilator  
  21  1:52  Probe  
  22  1:55  Pylon  
  22  2:04  Probe  
  23  2:14  Warp Gate (Chrono Boost), Adept (Chrono Boost)  
  25  2:16  Probe  
  26  2:25  Twilight Council  
  26  2:31  Adept  
  26  2:32  Probe  
  29  2:43  Cybernetics Core  
  29  2:46  Probe  
  29  2:48  Probe  
  31  2:55  Resonating Glaives (Chrono Boost)  
  31  2:59  Adept  
  31  3:02  Probe x2  
  35  3:18  Gateway  
  35  3:22  Gateway  
  35  3:26  Adept  
  37  3:29  Probe  
  37  3:33  Pylon  
  38  3:40  Pylon  
  38  3:51  Probe x2  
  38  3:54  Gateway  
  38  3:55  Gateway  
  40  4:03  Probe x2  
  42  4:12  Stalker  
  42  4:13  Adept  
  42  4:16  Adept  
  48  4:18  Probe x2  
  50  4:27  Pylon  
  50  4:30  Probe x2  
  52  4:40  Pylon  
  52  4:46  Adept x3  
  52  4:49  Adept x2  
  62  4:55  Pylon  
  62  4:58  Probe x2  
  64  5:08  Adept x3  
  70  5:16  Pylon  
  66  5:21  Adept  
  66  5:22  Adept  
  66  5:24  Probe x2  
  64  5:46  Probe x2  
  66  5:50  Robotics Facility  
  66  5:52  Assimilator  
  66  5:53  Assimilator  
  58  5:58  Sentry x4, Probe x2  
  60  6:05  Charge (Chrono Boost)  
  60  6:16  Probe x2  
  58  6:20  Gateway  
  58  6:21  Gateway  
  58  6:23  Forge  
  58  6:32  Zealot x4  
  66  6:33  Zealot  
  66  6:36  Nexus  
  66  6:39  Pylon  
  68  6:46  Immortal (Chrono Boost)  
  72  6:48  Probe x2  
  72  6:53  Pylon, Protoss Ground Weapons Level 1  
  74  7:02  Zealot x3  
  74  7:05  Probe  
  74  7:07  Probe  
  83  7:10  Observer (Chrono Boost)  
  83  7:17  Probe  
  83  7:18  Zealot x2  
  83  7:19  Probe  
  89  7:29  Zealot x2  
  93  7:31  Probe (Chrono Boost)  
  93  7:32  Assimilator  
  93  7:34  Assimilator  
  94  7:37  Templar Archives  
  94  7:41  Pylon  
  94  7:51  Immortal (Chrono Boost), Probe x3 (Chrono Boost)  
  101  7:55  Probe  
  101  7:56  Probe  
  103  8:01  Probe  
  104  8:08  Probe x2  
  106  8:13  Probe  
  103  8:20  Probe  
  92  8:29  Psionic Storm, Warp Prism (Chrono Boost)  
  92  8:31  High Templar x4  
  92  8:32  High Templar  
  92  8:33  Robotics Facility  
  104  8:36  Probe x3  
  104  8:39  High Templar  
  104  8:41  Zealot  
  111  8:42  Nexus  
  111  8:48  Shield Battery  
  111  8:57  Immortal (Chrono Boost)  
  115  9:02  Protoss Ground Weapons Level 2 (Chrono Boost)  
  115  9:04  Nexus  
  115  9:06  Pylon  
  115  9:14  Nexus  
  115  9:15  High Templar  
  117  9:20  Pylon  
  117  9:21  Pylon  
  117  9:26  High Templar, Zealot  
  117  9:27  Zealot  
  117  9:28  High Templar  
  125  9:38  Immortal x2  
  125  9:39  Photon Cannon  
  125  9:42  Shield Battery  
  133  9:56  Probe x3  
  133  9:57  Assimilator  
  136  10:01  Assimilator  
  136  10:04  Photon Cannon  
  136  10:07  Photon Cannon  
  136  10:10  Photon Cannon  
  136  10:11  Photon Cannon, Observer  
  136  10:14  High Templar x2  
  136  10:17  Pylon x2  
  136  10:19  Archon  
  140  10:22  High Templar x2, Zealot  
  140  10:23  Zealot x2  
  140  10:26  Photon Cannon  
  140  10:28  Archon  
  155  10:47  Stalker x5  
  148  10:56  Stalker x2  
  131  11:15  Zealot x3  
  131  11:16  Zealot x2  
  140  11:22  Stalker x2  
  102  11:40  Stalker x5  
  102  11:43  Blink (Chrono Boost)  
  108  11:47  Probe x3  
  108  11:52  Probe x2  
  113  11:59  Probe x2  
  111  12:04  Probe  
  110  12:11  High Templar x2, Probe x2 (Chrono Boost)  
  110  12:12  Probe (Chrono Boost)  
  116  12:18  Probe (Chrono Boost)  
  121  12:23  Probe x2 (Chrono Boost)  
  121  12:24  Probe x2 (Chrono Boost)  
  121  12:25  Archon  
  121  12:27  Probe x2 (Chrono Boost), Observer  
  125  12:30  Probe x3  
  125  12:33  Photon Cannon  
  127  12:40  Observer  
  127  12:41  Probe x2  
  127  12:42  Probe x2  
  132  12:45  Zealot  
  132  12:47  Zealot  
  136  12:56  Protoss Ground Weapons Level 3 (Chrono Boost)  
  136  12:57  Probe (Chrono Boost)  
  140  13:00  Probe (Chrono Boost)  
  140  13:01  Probe (Chrono Boost)  
  140  13:02  Probe x2 (Chrono Boost)  
  142  13:09  Probe (Chrono Boost)  
  142  13:11  Probe x2 (Chrono Boost)  
  144  13:12  Assimilator  
  144  13:15  Immortal (Chrono Boost)  
  144  13:17  Assimilator  
  148  13:22  Immortal (Chrono Boost)  
  150  13:28  High Templar x2  
  150  13:29  Probe  
  150  13:32  Probe  
  156  13:39  High Templar x2, Archon  
  160  13:41  Probe  
  160  13:44  Probe  
  160  13:45  Archon  
  162  13:51  Stargate  
  162  13:56  Zealot x3  
  168  14:03  Photon Cannon  
  168  14:05  Photon Cannon  
  164  14:10  Photon Cannon, Probe x3  
  164  14:11  Probe  
  158  14:30  Stalker  
  146  14:33  Pylon  
  146  14:35  Pylon  
  146  14:37  Pylon  
  130  14:40  Photon Cannon, Sentry  
  130  14:41  Photon Cannon  
  125  14:57  Photon Cannon  
  125  14:59  Photon Cannon  
  95  15:09  Photon Cannon x2  
  95  15:11  Photon Cannon  
  87  15:14  Zealot x3  
  85  15:23  Probe (Chrono Boost)  
Tags
 
Add a new tag
Caveats
  • Supply blocks, unpowered buildings, or Contaminate may cause inaccurate times.
  • Supply counts are checked every 10 seconds.